 Dungeon Crawl Stone Soup version 0.22-a0-142-g91cc6d7 (webtiles) character file.

5 4thArraOfDagon the Vexing (level 1, -16/15 HPs)
             Began as a Formicid Arcane Marksman on Feb 5, 2018.
             Demolished by an ogre
             ... wielding a +0 giant spiked club
              (20 damage)
             ... on level 5 of the Dungeon.
             The game lasted 00:00:35 (90 turns).

4thArraOfDagon the Vexing (Formicid Arcane Marksman)  Turns: 90, Time: 00:00:36

Health: -16/15     AC:  2    Str: 14    XL:     1   Next: 88%
Magic:  2/2        EV: 12    Int: 12    God:
Gold:   0          SH:  0    Dex: 11    Spells: 1/2 levels left

rFire    . . .     SeeInvis +   a - +0 hand crossbow
rCold    . . .     Gourm    .   (no shield)
rNeg     . . .     Faith    .   e - +0 robe
rPois    .         Spirit   .   (helmet unavailable)
rElec    .         Reflect  .   (no cloak)
rCorr    .         Harm     .   (no gloves)
MR       .....                  (no boots)
Stlth    +.........             (no amulet)
HPRegen  0.05/turn              (no ring)
MPRegen  0.08/turn              (no ring)

@: no status effects
A: permanent stasis, dig shafts and tunnels, four strong arms, antennae 3
a: Dig, Shaft Self


You were on level 5 of the Dungeon.
You were not hungry.

You visited 1 branch of the dungeon, and saw 4 of its levels.

Inventory:

Hand Weapons
 a - a +0 hand crossbow (weapon)
Missiles
 d - 14 bolts (quivered)
Armour
 e - a +0 robe (worn)
Scrolls
 b - a scroll of fear {unknown}
 g - 3 scrolls of immolation {unknown}
 h - a scroll of remove curse {unknown}
Books
 c - a book of Debilitation

   Spells                             Type                      Level
   a - Corona                         Hexes                        1
   b - Slow                           Hexes                        2
   c - Inner Flame                    Hexes/Fire                   3
   d - Portal Projectile              Hexes/Translocation          3
   e - Cause Fear                     Hexes                        4
   f - Leda's Liquefaction            Hexes/Earth                  4
Comestibles
 f - a ration


   Skills:
 - Level 1.1 Fighting
 * Level 2.5 Crossbows
 - Level 1.7 Dodging
 - Level 1.1 Spellcasting
 - Level 3.6 Hexes


You had one spell level left.
You knew the following spells:

 Your Spells              Type           Power        Failure   Level  Hunger
a - Corona                Hex            #......      7%          1    ##.....


Dungeon Overview and Level Annotations

Branches:
Dungeon (5/15)
 Temple: D:4-7

Altars:


Innate Abilities, Weirdness & Mutations

You cannot be hasted, slowed, berserked, paralysed or teleported.
You can dig through walls and to a lower floor.
Your four strong arms can wield two-handed weapons with a shield.
You have a pair of large antennae on your head. (SInv)


Message History

Press: ? - help, Shift-Dir - straight line, f/p - ogre
Aim: an ogre, wielding a giant spiked club (lightly wounded)
You shoot a bolt. The bolt hits the ogre.
The ogre is lightly wounded.
Firing (i - inventory)
d - 16 bolts (quivered)
Press: ? - help, Shift-Dir - straight line, f/p - ogre
Aim: an ogre, wielding a giant spiked club (lightly wounded)
You shoot a bolt. The bolt hits the ogre.
The ogre is moderately wounded.
A leopard gecko comes into view.
Firing (i - inventory)
d - 15 bolts (quivered)
Press: ? - help, Shift-Dir - straight line, f/p - ogre
Aim: an ogre, wielding a giant spiked club (moderately wounded)
You shoot a bolt. The leopard gecko hisses angrily.
The bolt hits the ogre.
The ogre is moderately wounded.
The ogre hits you with a giant spiked club!!
Ouch! That really hurt!
You die...

#...#### #...#
.. #...# ...
##..## #l..
#..<## ##(...
##...#####.(...#
##............#
#.......O.....#
#...#..@......#
#..####....###..
#..# #.....#
#..# #.....##
..# #......# .#
##..##...# #..##
#.... #..# #...
#..# #..


You could see an ogre and a leopard gecko.

Vanquished Creatures
  A worm (D:5)
  A leopard gecko (D:4)
2 creatures vanquished.

Notes
Turn   | Place    | Note
-------+----------+-------------------------------------------
     0 | D:1      | 4thArraOfDagon the Formicid Arcane Marksman began the quest for the Orb.
     0 | D:1      | Reached XP level 1. HP: 15/15 MP: 2/2
    11 | D:1      | You fall through a shaft!
    19 | D:2      | You fall through a shaft for 2 floors!
    39 | D:5      | Entered Level 5 of the Dungeon
    68 | D:5      | Noticed an ogre
    90 | D:5      | Demolished by an ogre

Vault maps used:
D:1:      minmay_arrival_loop
D:2:      kennysheep_big_flooded_room, nicolae_overflow_crystal_walls,
          first_ration
D:4:      kennysheep_little_box, kennysheep_windowed_goal, uniq_natasha
D:5:      minmay_temple_entry_water_ring, cheibrodos_sewer_entry_bend

Action                   || total
-------------------------++-------
 Fire: Hand crossbow     ||    17
 Abil: Shaft Self        ||     2
Dodge: Dodged            ||     3

Table legend:
 A = Spawn XP
 B = Non-spawn XP
 C = Spawn XP percentage of total XP
 D = Spawn monster count
 E = Non-spawn monster count
 F = Spawn count percentage of total count
 G = Total turns spent on level
                    A         B        C        D         E        F      G
               +---------+---------+-------+---------+---------+-------+---------
         Total |       0 |       8 |   0.0 |       0 |       2 |   0.0 |    90
               +---------+---------+-------+---------+---------+-------+---------
           D:4 |       0 |       3 |   0.0 |       0 |       1 |   0.0 |    20
           D:5 |       0 |       5 |   0.0 |       0 |       1 |   0.0 |    51
               +---------+---------+-------+---------+---------+-------+---------
